 Dungeon Sprint DCSS version 0.22.1-1-ga44c0e56f4 (webtiles) character file.

3162 MuseOD the Unseen (level 9, -7/49 HPs)
             Began as a Spriggan Enchanter on Sept 27, 2018.
             Was a Priest of Dithmenos.
             Killed from afar by Harold (24 damage)
             ... with a poison arrow
             ... in the Dungeon (Sprint III: "The Ten Rune Challenge").
             The game lasted 00:04:07 (470 turns).

MuseOD the Unseen (Spriggan Enchanter)               Turns: 470, Time: 00:04:08

Health: -7/49      AC:  2    Str:  4    XL:     9   Next: 63%
Magic:  21/24      EV: 18    Int: 20    God:    Dithmenos [***...]
Gold:   18         SH:  0    Dex: 16    Spells: 16/28 levels left

rFire    . . .     SeeInvis +   a - +1 dagger
rCold    . . .     Gourm    .   (shield restricted)
rNeg     . . .     Faith    .   b - +0 robe
rPois    .         Spirit   .   (helmet restricted)
rElec    .         Reflect  .   (no cloak)
rCorr    .         Harm     .   (gloves unavailable)
MR       +....     NoTele   +   (boots unavailable)
Stlth    +++++++++.             c - amulet of magic regeneration
HPRegen  0.16/turn              (no ring)
MPRegen  0.44/turn              (no ring)

@: lethally poisoned (-7 -> -29), wreathed by umbra, very quick
A: very small, unfitting armour, see invisible, herbivore, speed 3, slow
metabolism 2
a: Shadow Step, Renounce Religion


You were in the Dungeon.
You worshipped Dithmenos.
Dithmenos was most pleased with you.
You were not hungry.

You visited 1 branch You collected 18 gold pieces.

Inventory:

Hand Weapons
 a - a +1 dagger (weapon)
Armour
 b - a +0 robe (worn)
Jewellery
 c - an amulet of magic regeneration (around neck)
Scrolls
 j - a scroll of blinking
 k - a scroll of immolation {unknown}
 l - 4 scrolls of remove curse
 m - a scroll of torment {unknown}
 n - 3 scrolls of random uselessness {unknown}
Potions
 e - 3 potions of curing
 f - a potion of heal wounds
 g - a potion of haste
 h - 2 potions of magic
 i - 2 potions of berserk rage
 o - a potion of flight {unknown}
 p - 4 potions of mutation
 q - a potion of might
Comestibles
 d - 4 rations


   Skills:
 - Level 6.4 Fighting
 - Level 11.9 Short Blades
 - Level 3.0 Dodging
 + Level 16.7 Stealth
 + Level 10.2 Spellcasting
 + Level 6.2 Conjurations
 + Level 10.4 Hexes


You had 16 spell levels left.
You knew the following spells:

 Your Spells              Type           Power        Failure   Level  Hunger
a - Corona                Hex            ######.      1%          1    None
b - Ensorcelled Hibernat  Hex/Ice        ####..       1%          2    None
c - Confuse               Hex            ######..     1%          3    None
d - Dazzling Spray        Conj/Hex       #####.       1%          3    None
e - Mephitic Cloud        Conj/Pois/Air  ###.....     9%          3    None

Your spell library contained the following spells:

 Spells                   Type           Power        Failure   Level  Hunger
 Magic Dart               Conj           ####         1%          1    None
 Slow                     Hex            ######..     1%          2    None
 Tukima's Dance           Hex            ######..     1%          3    None
 Conjure Flame            Conj/Fire      ###.....     6%          3    None
 Blink                    Tloc           N/A          11%         2    None
 Call Imp                 Summ           ##......     11%         2    None


Dungeon Overview and Level Annotations

Branches:
Dungeon (1/1)

Altars:
Dithmenos
Elyvilon
Kikubaaqudgha
Okawaru
Ru
Sif Muna
Trog
Uskayaw
Vehumet
Wu Jian
Yredelemnul
Zin
The Shining One
Beogh

Annotations:
D Harold, Joseph


Innate Abilities, Weirdness & Mutations

You are very small and have problems with some larger weapons.
You are too small for most types of armour.
You have supernaturally acute eyesight. (SInv)
You are a herbivore.
You cover ground extremely quickly.
You need to consume almost no food.


Message History

You see here 4 curare-tipped needles.
Harold seems less confused.
Joseph is engulfed in noxious fumes.
There is an open door here.
Harold casts a spell at you. The poison arrow misses you.
Joseph unwields an uncursed blowgun.
Joseph wields an uncursed quarterstaff of freezing.
It glows with a cold blue light!
Joseph completely misses you.
You hit Joseph but do no damage.
Joseph is lightly wounded.
You hit Joseph.
Joseph is lightly wounded.
Harold hits you with a dire flail of distortion.
Space bends around you.
You strike the helpless Joseph from behind!
You stick Joseph like a pincushion!!!
Joseph is heavily wounded.
Harold points at you and mumbles some strange words.
The poison arrow hits you!
You are lethally poisoned!
You die...

.#§§.#.#.#)).#.#.#.#.#
.#§§.#...#...##.#.#.##
▓▓▓▓▓▓▓▓▓▓▓▓▓#.#.#.#.#
##.#.#.## +.#.#.#.#
##(#.#.## ##'#####
#..@+ #@.@# #...#
#####


You could see Harold and Joseph (confused).

Vanquished Creatures
  Josephine (D)
  A centaur warrior (D)
  An unseen horror (D)
  A deep elf mage (D)
  A shadow (D)
  A necrophage (D)
  2 centaurs (D)
  An earth elemental (D)
  A jelly (D)
  Jessica (D)
  A wizard (D)
  A necromancer (D)
  3 humans (D)
  A kobold demonologist (D)
  A wolf (D)
  2 oozes (D)
  A rat (D)
21 creatures vanquished.

Vanquished Creatures (others)
  2 draconian scorchers (D)
  6 hellions (D)
  A yaktaur (D)
9 creatures vanquished.

Grand Total: 30 creatures vanquished

Notes
Turn   | Place    | Note
-------+----------+-------------------------------------------
     0 | D        | MuseOD the Spriggan Enchanter began the quest for the Orb.
     0 | D        | Reached XP level 1. HP: 9/9 MP: 5/5
     4 | D        | Reached skill level 1 in Fighting
     4 | D        | Reached skill level 5 in Stealth
     7 | D        | Reached XP level 2. HP: 14/14 MP: 6/6
    12 | D        | Noticed Jessica
    25 | D        | Learned a level 2 spell: Ensorcelled Hibernation
    35 | D        | Killed Jessica
    35 | D        | Reached skill level 6 in Stealth
    35 | D        | Reached XP level 3. HP: 19/19 MP: 2/8
    40 | D        | Learned a level 3 spell: Confuse
    95 | D        | Killed a hellion
    98 | D        | Killed a hellion
   165 | D        | Killed a hellion
   168 | D        | Killed a hellion
   174 | D        | Reached skill level 5 in Short Blades
   174 | D        | Reached skill level 7 in Stealth
   203 | D        | Reached XP level 4. HP: 24/24 MP: 7/9
   241 | D        | Noticed a water elemental
   246 | D        | Killed a white draconian scorcher
   258 | D        | Killed a hellion
   266 | D        | Killed a white draconian scorcher
   268 | D        | Found a glowing silver altar of Zin.
   269 | D        | Found a glowing golden altar of the Shining One.
   269 | D        | Found a white marble altar of Elyvilon.
   269 | D        | Noticed a deep elf mage
   271 | D        | Killed a deep elf mage
   271 | D        | Reached skill level 11 in Stealth
   271 | D        | Reached XP level 5. HP: 32/32 MP: 10/10
   271 | D        | Reached XP level 6. HP: 36/36 MP: 11/11
   278 | D        | Found a basalt altar of Yredelemnul.
   278 | D        | Found a shadowy altar of Dithmenos.
   278 | D        | Found a sacrificial altar of Ru.
   280 | D        | Reached skill level 12 in Stealth
   281 | D        | Reached XP level 7. HP: 41/41 MP: 12/12
   285 | D        | Became a worshipper of Dithmenos the Shadowed
   295 | D        | Killed a hellion
   296 | D        | Found a radiant altar of Vehumet.
   297 | D        | Found a deep blue altar of Sif Muna.
   297 | D        | Found an ancient bone altar of Kikubaaqudgha.
   307 | D        | Learned a level 3 spell: Dazzling Spray
   320 | D        | Noticed a shadow
   322 | D        | Killed a shadow
   322 | D        | Reached * piety under Dithmenos
   322 | D        | Reached skill level 13 in Stealth
   322 | D        | Reached skill level 1 in Conjurations
   322 | D        | Reached skill level 5 in Hexes
   342 | D        | Found a hide-covered altar of Uskayaw.
   342 | D        | Found an iron altar of Okawaru.
   343 | D        | Found a roughly hewn altar of Beogh.
   343 | D        | Found a bloodstained altar of Trog.
   343 | D        | Found an ornate altar of the Wu Jian Council.
   343 | D        | Noticed a human
   343 | D        | Noticed a human
   345 | D        | Killed a human
   345 | D        | Reached skill level 5 in Spellcasting
   346 | D        | Killed a human
   346 | D        | Reached ** piety under Dithmenos
   346 | D        | Reached XP level 8. HP: 45/45 MP: 12/17
   366 | D        | Noticed Josephine
   368 | D        | Killed Josephine
   368 | D        | Reached skill level 15 in Stealth
   383 | D        | Noticed a centaur warrior
   387 | D        | Killed a yaktaur
   394 | D        | Learned a level 3 spell: Mephitic Cloud
   401 | D        | Reached XP level 9. HP: 49/49 MP: 19/22
   423 | D        | Killed a centaur warrior
   423 | D        | Reached *** piety under Dithmenos
   423 | D        | Reached skill level 16 in Stealth
   423 | D        | Reached skill level 5 in Conjurations
   434 | D        | Noticed an unseen horror
   436 | D        | Killed an unseen horror
   436 | D        | Reached skill level 10 in Spellcasting
   436 | D        | Reached skill level 10 in Hexes
   449 | D        | Noticed Harold
   449 | D        | Noticed Joseph
   470 | D        | Killed from afar by Harold

Skill      XL: |  1  2  3  4  5  6  7  8  9 |
---------------+----------------------------+-----
Fighting       | 1 2 3 6 |  6.4
Short Blades   | 3 4 6 11 | 11.9
Stealth        | 5 6 7 11 12 13 15 16 | 16.7
Spellcasting   | 5 8 10 | 10.2
Conjurations   | 3 4 6 |  6.2
Hexes          | 6 8 10 | 10.4
Dodging        | |  3.0

Action                   |  1- 3 |  4- 6 |  7- 9 || total
-------------------------+-------+-------+-------++-------
Melee: Dagger            |    12 |     3 |    30 ||    45
 Cast: Ensorcelled Hiber |     2 |       |     1 ||     3
       Confuse           |     2 |       |     2 ||     4
       Mephitic Cloud    |       |       |     2 ||     2
       Dazzling Spray    |       |       |     2 ||     2
 Stab: Sleeping          |     4 |     3 |     9 ||    16
       Confused          |       |       |     4 ||     4
Armor: Robe              |     1 |       |       ||     1
Dodge: Dodged            |     8 |       |     8 ||    16
